 Dungeon Crawl Stone Soup version 0.22.1-6-g1668fe2c40 (webtiles) character file.

44 raksom the Shield-Bearer (level 3, -2/30 HPs)
             Began as a Formicid Fighter on Jan 20, 2019.
             Slain by an adder (4 damage)
             ... on level 2 of the Dungeon.
             The game lasted 00:16:24 (1504 turns).

raksom the Shield-Bearer (Formicid Fighter)         Turns: 1504, Time: 00:16:25

Health: -2/30      AC:  6    Str: 21    XL:     3   Next: 87%
Magic:  3/3        EV:  8    Int:  7    God:
Gold:   52         SH:  9    Dex: 10    Spells: 2/2 levels left

rFire    . . .     SeeInvis +   n - +0 great sword
rCold    . . .     Gourm    .   c - +0 shield
rNeg     . . .     Faith    .   b - +0 scale mail
rPois    .         Spirit   .   (helmet unavailable)
rElec    .         Reflect  .   (no cloak)
rCorr    .         Harm     .   (no gloves)
MR       .....                  (no boots)
Stlth    ..........             (no amulet)
HPRegen  0.10/turn              (no ring)
MPRegen  0.08/turn              (no ring)

@: lethally poisoned (-2 -> -12), very slightly contaminated, invisible
A: permanent stasis, dig shafts and tunnels, four strong arms, antennae 3
a: Dig, Shaft Self


You were on level 2 of the Dungeon.
You were not hungry.

You visited 1 branch of the dungeon, and saw 2 of its levels.

You collected 52 gold pieces.

Inventory:

Hand Weapons
 a - a +0 trident
 e - a +0 whip
 g - a +0 dagger
 n - a +0 great sword (weapon)
Armour
 b - a +0 scale mail (worn)
 c - a +0 shield (worn)
 p - a +2 helmet
Scrolls
 h - 2 scrolls of teleportation {unknown}
 i - a scroll of amnesia {unknown}
 k - a scroll of remove curse {unknown}
 m - a scroll of noise {unknown}
 r - a scroll of identify {unknown}
Potions
 d - a potion of might
 j - a potion of degeneration {unknown}
 o - a potion of agility {unknown}
 q - a potion of haste {unknown}
Comestibles
 f - 2 rations


   Skills:
 + Level 3.6 Fighting
 + Level 0.1 Long Blades
 + Level 2.6 Polearms
 + Level 3.6 Armour
 + Level 0.4 Dodging
 + Level 4.1 Shields


You had 2 spell levels left.
You didn't know any spells.
Your spell library was empty.

Dungeon Overview and Level Annotations

Branches:
Dungeon (2/15)

Altars:


Innate Abilities, Weirdness & Mutations

You cannot be hasted, slowed, berserked, paralysed or teleported.
You can dig through walls and to a lower floor.
Your four strong arms can wield two-handed weapons with a shield.
You have a pair of large antennae on your head. (SInv)


Message History

The adder is severely wounded.
You feel sick. The adder closely misses you. You block the adder's attack.
You block the giant cockroach's attack. The adder bites you.
* * * LOW HITPOINT WARNING * * *
You are lethally poisoned!
The adder poisons you!
You miss the adder.
The adder is severely wounded.
* * * LOW HITPOINT WARNING * * *
You feel sick. The adder barely misses you.
You block the giant cockroach's attack. The adder bites you.
* * * LOW HITPOINT WARNING * * *
You are more poisoned.
The adder poisons you!
You closely miss the adder.
The adder is severely wounded.
* * * LOW HITPOINT WARNING * * *
You feel sick. You block the adder's attack.
You block the giant cockroach's attack. The adder bites you.
You die...

........#................#.#.....
#.#.....#......##.#...##.#.#.#..♣
#.......#......##......#.#.#.#...
##......#......##..###.#.#.#.#.#.
##.................#.#.#.#.#.#.#.
###.#####..........#<#.#.#...#.#.
'................................
####.####..........#)#.#.#.#.#.#.
.# #..# #.......@..#...#.#.#...#.
.# ##.###......sS..#...#.#.#.....
.# #.....?.........#...#.#.####..
.# #...............#.....#.. ...
.# #......######.#.#.##..### ##..
## #......# #.#...#.#...# #..
#.....(# #..........## ####..##
#.#.###.... ##.## #.#.......#


You could see an adder and a giant cockroach.

Vanquished Creatures
  A worm (D:2)
  A dart slug (D:2)
  5 bats
  4 giant cockroaches
  3 goblins
  7 hobgoblins
  3 jackals (D:1)
  2 kobolds (D:2)
  4 frilled lizards
  5 rats
35 creatures vanquished.

Notes
Turn   | Place    | Note
-------+----------+-------------------------------------------
     0 | D:1      | raksom the Formicid Fighter began the quest for the Orb.
     0 | D:1      | Reached XP level 1. HP: 18/18 MP: 1/1
   190 | D:1      | Reached XP level 2. HP: 24/24 MP: 2/2
   662 | D:1      | Reached skill level 4 in Shields
   718 | D:1      | Reached XP level 3. HP: 26/29 MP: 3/3
  1504 | D:2      | Slain by an adder

Skill      XL: |  1  2 |
---------------+-------+-----
Shields        | 4 |  4.1
Fighting       | |  3.6
Long Blades    | |  0.1
Polearms       | |  2.6
Armour         | |  3.6
Dodging        | |  0.4

Action                   || total
-------------------------++-------
Melee: Trident           ||    79
       Great sword       ||    58
  Use: Potion            ||     1
  Eat: Ration            ||     1
Armor: Scale mail        ||    88
Dodge: Dodged            ||    72
Block: Shield            ||   107
       Rpst.: Great sword ||    14
